Map: Bel'Shir Vestige LE (Void)

Players

BIGFLLA - Winner!

  • Race: Protoss Protoss
  • League: Silver
  • Spawn Location: 11:00

thewolfking

  • Race: Zerg Zerg
  • League: Silver
  • Spawn Location: 5:00

VOD

Have the link to the VOD?

Description

Time

  • Played on: March 21, 2017, 3:26 a.m.
  • Length: 6:31
Show
View Real Time Build Order
Export as new Build Order

BIGFLLA Protoss - Winner!

Build Orders: Nexus First, Mass Adepts 

Get SALT Encoding   

  12  0:01  Probe (Chrono Boost)  
  13  0:11  Probe (Chrono Boost)  
  14  0:21  Pylon  
  14  0:27  Probe (Chrono Boost)  
  15  0:39  Probe (Chrono Boost)  
  16  0:58  Nexus  
  16  1:06  Pylon  
  16  1:08  Probe (Chrono Boost)  
  17  1:19  Probe (Chrono Boost)  
  18  1:25  Gateway  
  18  1:33  Assimilator  
  18  1:38  Assimilator, Probe (Chrono Boost)  
  18  1:52  Probe (Chrono Boost)  
  19  2:03  Probe (Chrono Boost)  
  20  2:15  Cybernetics Core  
  20  2:27  Gateway  
  20  2:28  Gateway  
  20  2:33  Gateway  
  21  2:37  Probe (Chrono Boost)  
  21  2:40  Warp Gate  
  21  2:59  Adept  
  21  3:04  Probe (Chrono Boost)  
  24  3:09  Mothership Core (Chrono Boost)  
  26  3:16  Probe (Chrono Boost)  
  27  3:23  Adept  
  27  3:24  Adept x2  
  32  3:28  Probe (Chrono Boost)  
  32  3:31  Adept  
  36  3:40  Probe (Chrono Boost)  
  37  3:47  Pylon  
  37  3:49  Adept  
  37  3:53  Adept  
  41  3:56  Adept  
  43  4:05  Twilight Council  
  43  4:17  Pylon  
  43  4:21  Pylon, Adept  
  43  4:26  Adept  
  43  4:32  Resonating Glaives  
  43  5:05  Adept x4  
  51  5:19  Probe x2 (Chrono Boost)  
  53  5:30  Pylon  
  53  5:31  Probe x2 (Chrono Boost)  
  57  5:43  Probe x2 (Chrono Boost)  
  55  6:19  Probe x2 (Chrono Boost)  
Show
View Real Time Build Order
Export as new Build Order

thewolfking Zerg 

Build Orders: Pool First 

Get SALT Encoding   

  12  0:02  Drone  
  13  0:09  Drone  
  14  0:27  Spawning Pool  
  13  0:38  Extractor, Drone  
  13  0:39  Drone  
  14  0:44  Overlord  
  14  1:12  Drone x2  
  14  1:14  Zergling x2  
  14  1:15  Queen  
  19  1:30  Zergling x2  
  20  1:36  Zergling x2  
  21  1:42  Extractor  
  20  1:57  Hatchery  
  19  2:02  Lair  
  19  2:07  Drone  
  20  2:13  Drone  
  21  2:27  Drone  
  21  2:28  Overlord  
  22  2:38  Metabolic Boost  
  22  2:56  Drone x3  
  25  3:15  Spire  
  25  3:17  Drone  
  25  3:29  Queen  
  25  3:33  Drone  
  28  3:41  Zergling x4  
  30  3:49  Drone x2  
  30  3:53  Drone  
  30  3:54  Drone  
  34  4:08  Drone x2  
  36  4:11  Overlord  
  35  4:44  Drone x2  
  35  4:45  Drone  
  38  4:47  Overlord  
  38  4:49  Mutalisk  
  38  4:50  Mutalisk  
  42  4:52  Overlord  
  42  5:00  Hydralisk Den  
  41  5:07  Evolution Chamber  
  41  5:13  Drone  
  41  5:14  Drone  
  42  5:31  Infestation Pit, Drone  
  42  5:32  Drone x3  
  45  5:38  Spore Crawler  
  45  5:42  Spore Crawler, Drone x3  
  46  5:45  Extractor  
  46  5:48  Drone x3  
  46  5:49  Extractor  
  35  6:06  Zergling x2  
  35  6:07  Zergling x4  
Tags
 
Add a new tag
Caveats
  • Supply blocks, unpowered buildings, or Contaminate may cause inaccurate times.
  • Supply counts are checked every 10 seconds.